 Dungeon Crawl Stone Soup version 0.19-a0-1740-g0bcaf2e (webtiles) character file.

15516 Amnesiac the Eclecticist (level 12, -2/59 HPs)
             Began as a Deep Elf Earth Elementalist on Oct 2, 2016.
             Was an Initiate of Gozag.
             Slain by a catoblepas (17 damage)
             ... on level 11 of the Dungeon.
             The game lasted 00:33:09 (13541 turns).

Amnesiac the Eclecticist (DEEE)                    Turns: 13541, Time: 00:33:10

Health: -2/59      AC:  8    Str:  5    XL:     12   Next: 1%
Magic:  33/36      EV:  2    Int: 22    God:    Gozag
Gold:   2581       SH:  0    Dex: 19    Spells: 5 memorised, 32 levels left

rFire  + . .     SeeInvis .     w - +3 dagger (elec)
rCold  . . .     Gourm    .     c - +0 robe
rNeg   + + +     Faith    .     (no shield)
rPois  ∞         Spirit   .     h - +0 helmet
rElec  .         Dismiss  .     D - +1 cloak
rCorr  .         Reflect  +     (no gloves)
MR     +....     Harm     .     j - +2 pair of boots
Stlth  +++++.....               G - +4 amulet of reflection (curse)
                                (no ring)
                                v - ring of protection from fire

@: petrified, very slightly contaminated
A: no striking features
a: Potion Petition, Call Merchant, Bribe Branch, Renounce Religion


You were on level 11 of the Dungeon.
You worshipped Gozag.
Gozag was most pleased with you.
You were not hungry.

You visited 2 branches of the dungeon, and saw 12 of its levels.

You collected 2680 gold pieces.
You paid 99 gold pieces to Gozag.

Inventory:

Hand Weapons
 w - a +3 dagger of electrocution (weapon)
Missiles
 b - 135 stones (quivered)
Armour
 c - a +0 robe (worn)
 h - a +0 helmet (worn)
 j - a +2 pair of boots (worn)
 D - a +1 cloak (worn)
 M - a +0 pair of gloves
Jewellery
 v - a ring of protection from fire (left hand)
 x - an uncursed ring of ice
 A - an uncursed amulet of harm
 G - a cursed +4 amulet of reflection (around neck)
Wands
 e - a wand of enslavement (19/24)
 m - a wand of polymorph (22/24)
 I - a wand of iceblast (14/15)
 K - a wand of flame (34/48)
Scrolls
 a - 3 scrolls of enchant weapon
 f - 2 scrolls of remove curse
 g - 2 scrolls of identify
 p - a scroll of immolation
 q - a scroll of holy word
 u - 3 scrolls of recharging
 y - 3 scrolls of enchant armour
 H - 3 scrolls of amnesia
 J - 2 scrolls of blinking {unknown}
Potions
 i - a potion of degeneration
 k - a potion of flight
 n - a potion of might
 o - a potion of magic {unknown}
 r - 4 potions of curing
 s - a potion of heal wounds
 t - a potion of brilliance
 z - 2 potions of haste
 B - 2 potions of resistance
 C - 3 potions of mutation
 F - 2 potions of agility
Comestibles
 d - 9 bread rations
 E - 3 slices of pizza
 L - a beef jerky


   Skills:
 - Level 8.0 Short Blades
 + Level 5.2 Dodging
 - Level 10.0 Stealth
 - Level 18.0 Spellcasting
 - Level 5.0 Transmutations
 - Level 5.0 Earth Magic


You had 32 spell levels left.
You knew the following spells:

 Your Spells              Type           Power        Failure   Level  Hunger
a - Lee's Rapid Deconstr  Erth           #####.....   12%         5    #......
b - Stone Arrow           Conj/Erth      ####..       2%          3    None
e - Petrify               Tmut/Erth      #####...     3%          4    None
f - Sandblast             Erth           #####.       1%          1    None
v - Passwall              Tmut/Erth      #####.....   1%          2    None


Dungeon Overview and Level Annotations

Branches:
Dungeon (11/15)            Temple (1/1) D:5            Lair (0/6) D:9
    Orc (0/2) D:11

Altars:
Elyvilon
Fedhas
Gozag
Hepliaklqana
Okawaru
Sif Muna
Vehumet
Yredelemnul


Message History

You are engulfed in calcifying dust.
You begin to meditate on the wall.
You continue meditating on the rock.
You are engulfed in calcifying dust.
You are slowing down.
The catoblepas breathes a plume of calcifying dust at you.
The blast of calcifying dust hits you!
You continue meditating on the rock.
You are engulfed in calcifying dust.
Your limbs have turned to stone.
You have turned to stone.
You are engulfed in calcifying dust.
The catoblepas completely misses you.
You are engulfed in calcifying dust.
The catoblepas breathes a plume of calcifying dust at you.
The blast of calcifying dust hits you! The catoblepas gores you!! x3
The catoblepas gores you!
* * * LOW HITPOINT WARNING * * *
The catoblepas gores you!!
You die...
Your body crumbles into a pile of gold.

..(.####).)...##.##..##.......#.#
###.###.#.###.##.#.####.......#.#
#.#.#...#.#..#..)..##.......#.#
#.)#.#.#...##......##.......#.#
####...#.#..#..#.####.......#.#
#######.#.####.# #.......#.#
################ ##.# #.......#.#
.............#####..###########.#
#######........Y@...............#
.W#...##.....#######............#
##.###.#.....#.....#............#
#.# Y#.....#.....#.............
#.# §#.....#.....#.............
#.#.##§#.....###'###.............
#####§##...................>.....
#...##....)......###########.....
.....:...........#.........#.....


You could see a catoblepas.

Vanquished Creatures
  The ghost of zkyp the Cleaver, a novice FoWn of Okawaru (D:9)
  The ghost of Charly the Thaumaturge, a novice DEFE of Vehumet (D:7)
  3 hill giants
  2 ugly things (D:11)
  An orc sorcerer (D:11)
  A manticore (D:11)
  A gargoyle (D:10)
  2 trolls (D:9)
  Prince Ribbit (D:7)
  2 hippogriffs
  A wyvern (D:11)
  21 yaks
  3 hogs (D:7)
  A human (D:7)
  3 steam dragons
  3 hungry ghosts
  Edmund (D:5)
  A sky beast (D:6)
  3 phantoms
  3 ice beasts
  A black bear (D:11)
  7 orc warriors
  A necrophage (D:11)
  9 ogres
  3 centaurs
  5 bullfrogs
  A water moccasin zombie (D:9)
  A wyvern zombie (D:7)
  5 scorpions
  8 killer bees (D:9)
  4 wights
  3 howler monkeys (D:9)
  6 crimson imps
  A quasit (D:11)
  A wasp zombie (D:7)
  3 hounds
  10 orc priests
  2 jellies
  18 orc wizards
  Crazy Yiuf (D:5)
  2 centaur skeletons
  2 bullfrog skeletons
  5 iguanas
  6 worker ants
  A hound skeleton (D:5)
  4 gnolls (D:6)
  14 adders
  7 shadow imps
  2 oozes
  2 adder skeletons
  5 worms
  7 leopard geckos
  43 orcs
  5 giant cockroaches
  10 hobgoblins
  3 jackals (D:6)
  4 kobolds
  8 quokkas
  A ball python (D:2)
  8 bats
  5 frilled lizards
  2 goblins
  A jackal skeleton (D:7)
  A jackal zombie (D:5)
  A leopard gecko skeleton (D:5)
  3 rats
297 creatures vanquished.

Notes
Turn   | Place    | Note
-------+----------+-------------------------------------------
     0 | D:1      | Amnesiac the Deep Elf Earth Elementalist began the quest for the Orb.
     0 | D:1      | Reached XP level 1. HP: 10/10 MP: 6/6
   348 | D:2      | Reached XP level 2. HP: 15/15 MP: 5/8
   371 | D:2      | Learned a level 2 spell: Passwall
   552 | D:2      | Reached skill level 1 in Short Blades
   552 | D:2      | Reached XP level 3. HP: 14/19 MP: 6/9
  1020 | D:4      | Reached XP level 4. HP: 24/24 MP: 6/10
  1074 | D:4      | Learned a level 4 spell: Petrify
  1446 | D:4      | Reached XP level 5. HP: 28/28 MP: 6/11
  1612 | D:4      | Noticed an ogre
  2161 | D:5      | Entered Level 5 of the Dungeon
  2482 | D:5      | Reached skill level 4 in Spellcasting
  2482 | D:5      | Reached XP level 6. HP: 25/32 MP: 8/14
  2501 | D:5      | Noticed Edmund
  2547 | D:5      | Killed Edmund
  2547 | D:5      | Reached skill level 5 in Spellcasting
  2799 | D:5      | Reached skill level 6 in Spellcasting
  2807 | D:5      | Learned a level 5 spell: Lee's Rapid Deconstruction
  2887 | D:5      | Found a staircase to the Ecumenical Temple.
  2963 | Temple   | Entered the Ecumenical Temple
  2968 | Temple   | Became a worshipper of Gozag Ym Sagoz the Greedy
  3989 | D:2      | Reached XP level 7. HP: 36/36 MP: 16/19
  4447 | D:3      | Reached skill level 7 in Spellcasting
  4820 | D:4      | Reached skill level 8 in Spellcasting
  5234 | D:5      | Found a runed door.
  5487 | D:5      | Noticed Crazy Yiuf
  5495 | D:5      | Killed Crazy Yiuf
  5495 | D:5      | Reached skill level 9 in Spellcasting
  5692 | D:6      | Reached skill level 10 in Spellcasting
  5692 | D:6      | Reached XP level 8. HP: 31/41 MP: 16/24
  5883 | D:6      | Reached skill level 11 in Spellcasting
  6676 | D:7      | Reached skill level 12 in Spellcasting
  7032 | D:7      | Noticed Prince Ribbit
  7038 | D:7      | Killed Prince Ribbit
  7038 | D:7      | Reached skill level 5 in Short Blades
  7038 | D:7      | Reached XP level 9. HP: 45/45 MP: 23/27
  7059 | D:7      | Noticed Charly's ghost (novice DEFE)
  7306 | D:7      | Killed Charly's ghost
  7662 | D:7      | Reached skill level 5 in Stealth
  8227 | D:8      | Reached XP level 10. HP: 44/50 MP: 23/28
  8598 | D:9      | Reached skill level 10 in Stealth
  9228 | D:9      | Found a staircase to the Lair.
  9270 | D:9      | Reached skill level 13 in Spellcasting
  9534 | D:9      | Noticed zkyp's ghost (novice FoWn)
 10182 | D:9      | Killed zkyp's ghost
 10182 | D:9      | Reached skill level 14 in Spellcasting
 10677 | D:9      | Reached skill level 15 in Spellcasting
 10848 | D:10     | Entered Level 10 of the Dungeon
 10882 | D:9      | Reached XP level 11. HP: 46/54 MP: 7/32
 11138 | D:10     | Noticed a hill giant
 11684 | D:10     | Reached skill level 16 in Spellcasting
 11869 | D:10     | Reached skill level 5 in Earth Magic
 11874 | D:10     | Killed a hill giant
 12014 | D:10     | Reached skill level 5 in Transmutations
 12221 | D:11     | Noticed a hill giant
 12226 | D:11     | Killed a hill giant
 12314 | D:11     | Found a staircase to the Orcish Mines.
 12567 | D:11     | Reached skill level 17 in Spellcasting
 12767 | D:11     | Noticed a hill giant
 12778 | D:11     | Killed a hill giant
 12929 | D:11     | Noticed a cyan ugly thing
 12976 | D:11     | Killed a cyan ugly thing
 13004 | D:11     | Noticed a purple ugly thing
 13020 | D:11     | Killed a purple ugly thing
 13020 | D:11     | Reached skill level 18 in Spellcasting
 13303 | D:11     | Noticed an orc sorcerer
 13311 | D:11     | Killed an orc sorcerer
 13311 | D:11     | Reached skill level 5 in Dodging
 13311 | D:11     | Reached XP level 12. HP: 59/59 MP: 32/36
 13320 | D:11     | Noticed a catoblepas
 13512 | D:11     | Learned a level 3 spell: Stone Arrow
 13541 | D:11     | Slain by a catoblepas

Vault maps used:
D:1:      dpeg_arrival_arbitrary_c, minmay_pentomino_u4
D:2:      first_bread
D:3:      grunt_ministairs_10, eino_curves_03, minmay_misc_feat_tiny
D:5:      kennysheep_generic_room_7, uniq_crazy_yiuf_cottage, uniq_edmund
D:7:      serial_glass, glass_columns_c, glass_columns_a, glass_columns_b,
          glass_columns_c, grunt_livestock, uniq_prince_ribbit1
D:9:      lair_0_dummy, roderic_serpentine_path, dk_vineyard_1
D:10:     minivault_24, kennysheep_generic_room_16
D:11:     minmay_mutant_horseshoe, erik_orc_3, minmay_holes
Temple:   compressed_dpeg_triangle_lava_temple

Skill      XL: |  1  2  3  4  5  6  7  8  9 10 11 |
---------------+----------------------------------+-----
Earth Magic    | 4 5 |  5.0
Transmutations | 2 4 5 |  5.0
Short Blades   | 1 2 3 5 8 |  8.0
Stealth        | 3 8 10 | 10.0
Spellcasting   | 4 6 10 12 15 18 | 18.0
Dodging        | 5 |  5.2

Action                   |  1- 3 |  4- 6 |  7- 9 | 10-12 || total
-------------------------+-------+-------+-------+-------++-------
Melee: Unarmed           |     2 |       |       |       ||     2
       Dagger            |     2 |    83 |   139 |   261 ||   485
 Cast: Sandblast         |    46 |    26 |   106 |   108 ||   286
       Passwall          |       |    10 |     9 |    18 ||    37
       Petrify           |       |     7 |    15 |    67 ||    89
       Lee's Rapid Decon |       |       |     5 |    18 ||    23
  Use: Scroll            |       |       |     3 |    19 ||    22
       Potion            |       |       |       |     2 ||     2
 Stab: Sleeping          |     2 |     9 |    11 |    11 ||    33
       Petrifying        |       |     1 |       |    13 ||    14
       Petrified         |       |     5 |    10 |    35 ||    50
       Distracted        |       |       |       |     4 ||     4
  Eat: Chunk             |       |     9 |       |       ||     9
       Fruit             |       |     2 |       |    14 ||    16
       Meat ration       |       |     1 |     2 |       ||     3
       Beef jerky        |       |     1 |     1 |     2 ||     4
       Pizza             |       |       |       |     4 ||     4
Armor: Robe              |     7 |    15 |    37 |    35 ||    94
       Skin              |       |       |       |     8 ||     8
Dodge: Dodged            |    20 |    44 |    91 |    95 ||   250
Block: Other             |       |       |       |    29 ||    29
